 Dungeon Crawl Stone Soup version 0.32-a0-931-g5a2cda0630 (webtiles) character file.

Game seed: 14292965580945657684

64096 zorb987 the Cleaver (level 15, -11/118 HPs)
             Began as a Gnoll Reaver on Apr 13, 2024.
             Was the Champion of Dithmenos.
             Mangled by a very large slime creature (17 damage)
             ... on level 13 of the Dungeon on Apr 14, 2024.
             The game lasted 02:34:57 (24418 turns).

zorb987 the Cleaver (Gnoll Reaver)                 Turns: 24418, Time: 02:34:57

Health: -11/118    AC: 26    Str: 25    XL:     15   Next: 11%
Magic:  30/30      EV: 13    Int: 13    God:    Dithmenos [******]
Gold:   1466       SH:  9    Dex: 16    Spells: 25/36 levels left

rFire   . . .        F - +8 trident of the Octopus King {venom, rElec rPois}
rCold   . . .        t - +3 buckler
rNeg    . . .        s - +4 chain mail of Impressiveness {Str+6}
rPois   +            i - +0 hat {Will+}
rElec   +            r - +2 cloak {rPois}
rCorr   .            X - +1 pair of gloves
SInv    +            O - +3 pair of seven-league boots {Rampage+∞}
Will    ++...        l - amulet of regeneration
Stlth   +++          R - +6 ring of dexterity
HPRegen 1.19/turn    D - ring of see invisible
MPRegen 0.22/turn

%: rampage+∞
@: wreathed by umbra
A: fangs 1, strong nose, distributed training
a: Renounce Religion, Shadow Step, Shadow Form


You were on level 13 of the Dungeon.
You worshipped Dithmenos.
Dithmenos was exalted by your worship.
You visited 4 branches of the dungeon, and saw 21 of its levels.

You collected 1823 gold pieces.
You spent 357 gold pieces at shops.

Inventory:

Hand Weapons
 a - a +3 hand axe of draining
 b - a +3 battleaxe
 c - a +2 dagger of distortion
 e - a +5 spectral quarterstaff
 w - a +1 dire flail of holy wrath
 B - a +0 scythe of flaming
 C - a +0 demon whip of venom
 F - the +8 trident of the Octopus King (weapon) {venom, rElec rPois}
   (You found it on level 5 of the Lair of Beasts)

   rElec:     It insulates you from electricity.
   rPois:     It protects you from poison.
 L - a +4 flail
 T - a +2 long sword of electrocution
 V - a +1 vampiric war axe
Missiles
 k - 54 poisoned darts
 A - 3 throwing nets
 I - 5 curare-tipped darts
 K - 13 boomerangs
 Z - 10 javelins (quivered)
Armour
 i - a +0 hat of willpower (worn)
 r - a +2 cloak of poison resistance (worn)
 s - the +4 chain mail of Impressiveness (worn) {Str+6}
   (You found it on level 3 of the Dungeon)

   Str+6:     It affects your strength (+6).
 t - a +3 buckler (worn)
 O - the +3 pair of seven-league boots (worn) {Rampage+∞}
   (You found it on level 4 of the Lair of Beasts)

   Rampage+∞: When moving toward enemies, its wearer moves as far as possible,
   alerting their target en route.
 X - a +1 pair of gloves (worn)
Jewellery
 g - an amulet of magic regeneration
 l - an amulet of regeneration (around neck)
 n - the ring "Cole" {Fire Int+2 Dex-3 SInv}
   (You found it on level 2 of the Dungeon)

   [ring of fire]

   Fire:      It enhances your fire magic.
   Int+2:     It affects your intelligence (+2).
   Dex-3:     It affects your dexterity (-3).
   rF+:       It protects you from fire.
   rC-:       It makes you vulnerable to cold.
   SInv:      It lets you see invisible.
 o - a ring of protection from cold
 x - an amulet of reflection
 D - a ring of see invisible (right hand)
 R - a +6 ring of dexterity (left hand)
Wands
 m - a wand of polymorph (11)
 p - a wand of flame (17)
 H - a wand of charming (8)
 N - a wand of roots (11)
 P - a wand of acid (1)
 U - a wand of digging (6)
Scrolls
 d - 4 scrolls of revelation
 u - a scroll of amnesia
 v - a scroll of acquirement {unknown}
 y - 4 scrolls of poison
Potions
 h - a potion of might
 j - 2 potions of berserk rage
 q - a potion of brilliance
 z - 6 potions of cancellation
 E - a potion of ambrosia
 J - a potion of invisibility {unknown}
 M - 3 potions of curing
 Q - a potion of heal wounds
 S - a potion of resistance
 Y - 4 potions of magic
Miscellaneous
 f - a condenser vane
 G - a phial of floods
 W - a phantom mirror


   Skills:
 + Level 11.1 Fighting
 + Level 10.2 Short Blades
 + Level 10.2 Long Blades
 + Level 12.0 Axes
 + Level 10.2 Maces & Flails
 + Level 10.2 Polearms
 + Level 10.2 Staves
 + Level 10.2 Ranged Weapons
 + Level 10.2 Throwing
 + Level 10.2 Armour
 + Level 11.1 Dodging
 + Level 10.2 Stealth
 + Level 10.2 Shields
 + Level 10.2 Unarmed Combat
 + Level 11.3 Spellcasting
 + Level 10.2 Conjurations
 + Level 8.5 Hexes
 + Level 8.5 Summonings
 + Level 8.5 Necromancy
 + Level 8.5 Translocations
 + Level 8.5 Fire Magic
 + Level 8.5 Ice Magic
 + Level 8.5 Air Magic
 + Level 8.5 Earth Magic
 + Level 8.5 Alchemy
 + Level 11.1 Invocations
 + Level 10.2 Evocations
 + Level 9.3 Shapeshifting


You had 25 spell levels left.
You knew the following spells:

 Your Spells              Type           Power      Damage    Failure   Level
a - Sting                 Conj/Alch      100%       1d9       1%          1
b - Momentum Strike       Conj/Tloc      62%        3d9       1%          2
c - Slow                  Hex            100%       N/A       1%          1
d - Hailstorm             Conj/Ice       31%        3d8       2%          3
e - Flame Wave            Conj/Fire      31%        2d9       10%         4

Your spell library contained the following spells:

 Spells                   Type           Power      Damage    Failure   Level
 Apportation              Tloc           58%        N/A       1%          1
 Kiss of Death            Conj/Necr      100%       2d13      1%          1
 Necrotise                Necr           100%       1d9       1%          1
 Summon Small Mammal      Summ           100%       N/A       1%          1
 Mercury Vapours          Alch/Air       58%        N/A       1%          2
 Scorch                   Fire           58%        2d7       1%          2
 Dazzling Flash           Conj/Hex       62%        N/A       2%          3
 Confusing Touch          Hex            29%        N/A       4%          3
 Inner Flame              Hex/Fire       29%        N/A       4%          3
 Maxwell's Portable Pile  Tloc           29%        2d(8-22)  4%          3
 Summon Ice Beast         Ice/Summ       29%        N/A       4%          3
 Vampiric Draining        Necr           29%        2d8       4%          3
 Martyr's Knell           Necr/Summ      29%        N/A       13%         4
 Olgreb's Toxic Radiance  Alch           29%        N/A       13%         4
 Sticky Flame             Fire/Alch      29%        2d7       13%         4
 Arcjolt                  Conj/Air       15%        1d25      26%         5
 Summon Forest            Summ/Tloc      14%        N/A       36%         5
 Summon Mana Viper        Hex/Summ       29%        N/A       36%         5
 Yara's Violent Unravell  Hex/Alch       14%        3d7       36%         5
 Starburst                Conj/Fire      15%        6d6       82%         6
 Summon Cactus Giant      Summ           14%        N/A       90%         6
 Monstrous Menagerie      Summ           14%        N/A       100%        7
 Maxwell's Capacitive Co  Air            14%        ∞         100%        8


Dungeon Overview and Level Annotations

Branches:
Dungeon (13/15)            Temple (1/1) D:6            Lair (5/5) D:10
  Swamp (0/4) Lair:2        Snake (0/4) Lair:2        Slime (0/5) Lair:5
    Orc (2/2) D:9             Elf (0/3) Orc:2
 Vaults: D:13-14

Altars:
Ashenzari
Cheibriados
Dithmenos
Elyvilon
Fedhas
Gozag
Hepliaklqana
Kikubaaqudgha
Makhleb
Nemelex Xobeh
Okawaru
Qazlal
Ru
Sif Muna
Trog
Uskayaw
Vehumet
Wu Jian
Xom
Yredelemnul
Zin
The Shining One
Beogh
Jiyva

Shops:
D:3 ?   D:9 *   Orc:1 [   Orc:2 ((*(

Annotations:
D:12 exclusion: obsidian statue
Lair:5 exclusion: oklob plant


Innate Abilities, Weirdness & Mutations

You have very sharp teeth.
Your uncanny sense of smell can sniff out nearby items.
Your experience applies equally to all skills.


Message History

You block the skeletal warrior's attack.
You closely miss the skeletal warrior.
The skeletal warrior is almost destroyed.
Your shadow hits the skeletal warrior but does no damage.
The skeletal warrior hits you with a +0 trident!
You closely miss the skeletal warrior.
The skeletal warrior is almost destroyed.
The skeletal warrior barely misses you.
You puncture the skeletal warrior!
You destroy the skeletal warrior!
Dithmenos accepts your kill.
You hit the large slime creature.
The large slime creature is poisoned.
The large slime creature is lightly wounded.
Your shadow hits the large slime creature with a trident.
Two slime creatures merge to form a very large slime creature.
You hit the very large slime creature.
The very large slime creature is lightly wounded.
You puncture the very large slime creature!
You bite the very large slime creature.
The very large slime creature is lightly wounded.
You hit the very large slime creature.
The very large slime creature looks as sick as possible!
The very large slime creature is moderately wounded.
The very large slime creature hits you!!
You emit a cloud of dark smoke.
The very large slime creature attacks as it pursues you!
The very large slime creature barely misses you.
The very large slime creature attacks as it pursues you!
You block the very large slime creature's attack.
The very large slime creature attacks as it pursues you!
The very large slime creature hits you!
The very large slime creature attacks as it pursues you!
The very large slime creature hits you!!
* * * LOW HITPOINT WARNING * * *
The very large slime creature attacks as it pursues you!
The very large slime creature hits you!!
* * * LOW HITPOINT WARNING * * *
The very large slime creature attacks as it pursues you!
The very large slime creature hits you!
You die...

.......<.#
####+##### #
#.
###.########
...........#
...........#
.......@...#
∆
.......J...#
...........#
.......W...#
.......W...#
...........#
#########.##
######.#
#§W.§..#


You could see a very large slime creature (very poisoned), a freezing wraith and
a wraith.

Vanquished Creatures
  Gastronok (Lair:1)
  A dire elephant (Lair:5)
  3 ogre magi (Orc:2)
  A catoblepas (Lair:4)
  9 two-headed ogres
  2 hydras
  A merfolk avatar (Lair:5)
  A death yak (D:10)
  3 boulder beetles
  Sonja (Lair:2)
  Amaemon (Lair:2)
  5 skysharks
  3 skeletal warriors
  A bog body (Lair:2)
  3 orc knights
  A harpy (Lair:5)
  Pikel (D:7)
  A deep elf pyromancer (D:12)
  7 orc sorcerers (Orc:2)
  3 ugly things
  Maurice (D:10)
  7 elephants
  A manticore (D:11)
  4 black mambas
  A guardian serpent (Lair:4)
  7 cane toads
  A molten gargoyle (D:12)
  An orange demon (Lair:2)
  A gargoyle (D:12)
  A torpor snail (Lair:4)
  5 rime drakes
  8 komodo dragons
  An unseen horror (D:8)
  3 red devils (Orc:1)
  4 trolls
  A wind drake (Lair:5)
  A hornet (D:8)
  A polar bear (Lair:3)
  4 blink frogs (Lair:1)
  A merfolk (D:10)
  A dream sheep (Lair:4)
  A slime creature (D:13)
  A shadow (D:10)
  Sigmund (D:5)
  A wraith (D:11)
  40 yaks
  15 wargs
  8 wyverns
  4 basilisks
  A steam dragon (Lair:5)
  9 vampire mosquitoes
  4 nagas (Lair:2)
  16 water moccasins
  4 ice beasts
  6 sky beasts
  17 orc warriors
  6 black bears
  13 wolves
  10 ogres
  3 centaurs
  3 lemures (D:6)
  17 bullfrogs
  5 kobold brigands
  Blork the orc (D:5)
  A scorpion (D:5)
  A gnoll sergeant (D:8)
  9 wights
  7 killer bees (D:10)
  3 howler monkeys
  4 electric eels
  2 bombardier beetles
  A hound (D:6)
  3 jellies
  2 gnoll boudas
  14 orc priests
  2 sleepcaps (D:5)
  Natasha (thrice) (D:2)
  5 iguanas
  32 orc wizards
  6 adders
  17 gnolls
  A white imp (D:8)
  A dart slug (D:2)
  2 ribbon worms (D:2)
  65 orcs
  10 ball pythons
  6 bats
  8 endoplasms
  A giant cockroach (D:4)
  4 goblins
  8 hobgoblins
  2 jackals (D:2)
  22 kobolds
  3 quokkas
  2 frilled lizards
  8 rats
545 creatures vanquished.

Vanquished Creatures (collateral kills)
  A cane toad (Lair:2)
  A bullfrog (Lair:2)
2 creatures vanquished.

Vanquished Creatures (others)
  An orc wizard (Orc:2)
  2 kobolds (D:9)
3 creatures vanquished.

Grand Total: 550 creatures vanquished

Notes
Turn   | Place    | Note
-------+----------+-------------------------------------------
     0 | D:1      | zorb987 the Gnoll Reaver began the quest for the Orb.
     0 | D:1      | Reached XP level 1. HP: 20/20 MP: 6/6
    72 | D:1      | Reached XP level 2. HP: 26/26 MP: 7/7
   576 | D:2      | Reached skill level 5 in Spellcasting
   576 | D:2      | Reached XP level 3. HP: 30/31 MP: 7/9
  1060 | D:2      | Reached skill level 1 in Invocations
  1171 | D:3      | Reached skill level 1 in Short Blades
  1171 | D:3      | Reached skill level 1 in Long Blades
  1171 | D:3      | Reached skill level 1 in Maces & Flails
  1171 | D:3      | Reached skill level 1 in Polearms
  1171 | D:3      | Reached skill level 1 in Staves
  1171 | D:3      | Reached skill level 1 in Ranged Weapons
  1171 | D:3      | Reached skill level 1 in Throwing
  1171 | D:3      | Reached skill level 1 in Armour
  1171 | D:3      | Reached skill level 1 in Stealth
  1171 | D:3      | Reached skill level 1 in Shields
  1171 | D:3      | Reached skill level 1 in Unarmed Combat
  1171 | D:3      | Reached skill level 1 in Evocations
  1359 | D:2      | Identified the ring "Cole" {Fire Int+2 Dex-3 SInv}
  1388 | D:2      | Reached skill level 1 in Shapeshifting
  1388 | D:2      | Reached XP level 4. HP: 34/38 MP: 8/11
  1789 | D:2      | Noticed Natasha
  1797 | D:2      | Killed Natasha
  1798 | D:2      | Reached skill level 1 in Hexes
  1798 | D:2      | Reached skill level 1 in Summonings
  1798 | D:2      | Reached skill level 1 in Necromancy
  1798 | D:2      | Reached skill level 1 in Translocations
  1798 | D:2      | Reached skill level 1 in Fire Magic
  1798 | D:2      | Reached skill level 1 in Ice Magic
  1798 | D:2      | Reached skill level 1 in Air Magic
  1798 | D:2      | Reached skill level 1 in Earth Magic
  1798 | D:2      | Reached skill level 1 in Alchemy
  1934 | D:2      | Noticed Natasha
  1945 | D:2      | Killed Natasha
  1946 | D:2      | Reached XP level 5. HP: 26/43 MP: 8/12
  2161 | D:2      | Noticed Natasha
  2175 | D:2      | Killed Natasha
  2259 | D:3      | Found Basiff's Magic Scroll Boutique.
  2420 | D:3      | Noticed an ice beast
  2442 | D:3      | Killed an ice beast
  2443 | D:3      | Reached XP level 6. HP: 50/50 MP: 14/14
  2585 | D:3      | Reached skill level 5 in Fighting
  2585 | D:3      | Reached skill level 5 in Dodging
  2694 | D:3      | Identified the +4 chain mail of Impressiveness {Str+6}
  2990 | D:3      | Bought a scroll of identify for 20 gold pieces
  2990 | D:3      | Bought a scroll of enchant weapon for 75 gold pieces
  2990 | D:3      | Bought a scroll of identify for 20 gold pieces
  3203 | D:5      | Entered Level 5 of the Dungeon
  3371 | D:4      | Reached skill level 7 in Axes
  3371 | D:4      | Reached XP level 7. HP: 52/56 MP: 13/15
  4136 | D:5      | Noticed Sigmund
  4152 | D:5      | Killed Sigmund
  4414 | D:5      | Reached XP level 8. HP: 63/63 MP: 16/16
  4486 | D:5      | Noticed Blork the orc
  4492 | D:5      | Killed Blork the orc
  5426 | D:6      | Found a staircase to the Ecumenical Temple.
  5442 | Temple   | Entered the Ecumenical Temple
  5450 | Temple   | Became a worshipper of Dithmenos the Shadowed
  5485 | D:6      | Reached XP level 9. HP: 69/69 MP: 18/18
  5744 | D:7      | Noticed a two-headed ogre
  5754 | D:7      | Killed a two-headed ogre
  5755 | D:7      | Reached skill level 8 in Axes
  5843 | D:7      | Reached skill level 5 in Invocations
  6266 | D:7      | Noticed Pikel
  6411 | D:7      | Killed Pikel
  6412 | D:7      | Reached skill level 5 in Short Blades
  6412 | D:7      | Reached skill level 5 in Long Blades
  6412 | D:7      | Reached skill level 5 in Maces & Flails
  6412 | D:7      | Reached skill level 5 in Polearms
  6412 | D:7      | Reached skill level 5 in Staves
  6412 | D:7      | Reached skill level 5 in Ranged Weapons
  6412 | D:7      | Reached skill level 5 in Throwing
  6412 | D:7      | Reached skill level 5 in Armour
  6412 | D:7      | Reached skill level 5 in Stealth
  6412 | D:7      | Reached skill level 5 in Shields
  6412 | D:7      | Reached skill level 5 in Unarmed Combat
  6412 | D:7      | Reached skill level 5 in Evocations
  6412 | D:7      | Reached XP level 10. HP: 61/77 MP: 20/20
  6671 | D:7      | Reached * piety under Dithmenos
  6996 | D:8      | Got the Discursus on the Unified Oath
  7371 | D:8      | Reached skill level 5 in Shapeshifting
  7729 | D:3      | Bought a scroll of identify for 20 gold pieces
  7729 | D:3      | Bought a scroll of enchant armour for 75 gold pieces
  7729 | D:3      | Bought a scroll of enchant armour for 75 gold pieces
  8115 | D:8      | Reached ** piety under Dithmenos
  8201 | D:8      | Found a white marble altar of Elyvilon.
  9024 | D:8      | Found a basalt altar of Yredelemnul.
  9167 | D:8      | Noticed a two-headed ogre
  9179 | D:8      | Killed a two-headed ogre
  9180 | D:8      | Reached skill level 9 in Axes
  9180 | D:8      | Reached skill level 5 in Hexes
  9180 | D:8      | Reached skill level 5 in Summonings
  9180 | D:8      | Reached skill level 5 in Necromancy
  9180 | D:8      | Reached skill level 5 in Translocations
  9180 | D:8      | Reached skill level 5 in Fire Magic
  9180 | D:8      | Reached skill level 5 in Ice Magic
  9180 | D:8      | Reached skill level 5 in Air Magic
  9180 | D:8      | Reached skill level 5 in Earth Magic
  9180 | D:8      | Reached skill level 5 in Alchemy
  9180 | D:8      | Reached XP level 11. HP: 45/85 MP: 22/22
  9503 | D:9      | Found a staircase to the Orcish Mines.
  9546 | D:10     | Entered Level 10 of the Dungeon
 10144 | D:9      | Found a radiant altar of Vehumet.
 10164 | D:9      | Found Cattobb's Mayhem Merchandise.
 10864 | D:10     | Noticed Maurice
 10897 | D:10     | Noticed a two-headed ogre
 10933 | D:10     | Killed a two-headed ogre
 10936 | D:10     | Found a staircase to the Lair.
 10936 | D:10     | Noticed a death yak
 10948 | D:10     | HP: 3/86 [death yak (18)]
 10987 | D:10     | Killed a death yak
 11285 | D:10     | Reached *** piety under Dithmenos
 11391 | D:10     | Noticed a white ugly thing
 11399 | D:10     | Killed a white ugly thing
 11684 | D:10     | Maurice stole an amulet of reflection
 11686 | D:10     | Maurice stole 3 throwing nets
 11690 | D:10     | Maurice stole a +3 morningstar
 11693 | D:10     | Maurice stole 220 gold
 11696 | D:10     | Killed Maurice
 11697 | D:10     | Reached XP level 12. HP: 93/94 MP: 24/24
 11842 | D:10     | Learned a level 1 spell: Sting
 11845 | D:10     | Learned a level 2 spell: Momentum Strike
 12143 | D:11     | Noticed a boulder beetle
 12211 | D:11     | Killed a boulder beetle
 12855 | D:12     | Reached skill level 10 in Axes
 12948 | D:11     | HP: 2/94 [skeletal warrior/+1 vampiric war axe (17)]
 13313 | Lair:1   | Entered Level 1 of the Lair of Beasts
 13356 | Lair:1   | Noticed a boulder beetle
 13396 | Lair:1   | Killed a boulder beetle
 13508 | Lair:1   | Found a shimmering blue altar of Sif Muna.
 14008 | Lair:1   | Noticed Gastronok
 14040 | Lair:1   | Killed Gastronok
 14388 | Lair:2   | Found a staircase to the Snake Pit.
 14492 | Lair:2   | Noticed Sonja
 14520 | Lair:2   | Killed Sonja
 14520 | Lair:2   | Reached **** piety under Dithmenos
 14589 | Lair:2   | Reached XP level 13. HP: 101/101 MP: 26/26
 15040 | Lair:2   | Found a staircase to the Swamp.
 16386 | Lair:2   | Learned a level 1 spell: Slow
 16390 | Lair:2   | Learned a level 3 spell: Hailstorm
 16798 | Lair:3   | Noticed Amaemon
 16937 | Lair:2   | Killed Amaemon
 17218 | Lair:3   | Reached skill level 10 in Spellcasting
 17755 | Lair:5   | Entered Level 5 of the Lair of Beasts
 18005 | Lair:4   | Reached skill level 10 in Fighting
 18005 | Lair:4   | Reached skill level 11 in Axes
 18005 | Lair:4   | Reached skill level 10 in Dodging
 18183 | Lair:4   | Reached ***** piety under Dithmenos
 19053 | Lair:4   | Found the +3 pair of seven-league boots {Rampage+∞}
 19175 | Lair:5   | Noticed a dire elephant
 19360 | Lair:5   | Reached skill level 10 in Invocations
 19360 | Lair:5   | Reached XP level 14. HP: 103/110 MP: 28/28
 19466 | Lair:5   | Found a viscous altar of Jiyva.
 19466 | Lair:5   | Found a staircase to the Slime Pits.
 20015 | Lair:5   | Killed a dire elephant
 20430 | Lair:5   | Found the +8 trident of the Octopus King {venom, rElec
                  | rPois}
 21002 | Orc:1    | Entered Level 1 of the Orcish Mines
 21020 | Orc:1    | Found Ciugeen's Armour Shoppe.
 21444 | Orc:2    | Entered Level 2 of the Orcish Mines
 21961 | Orc:2    | Found a staircase to the Elven Halls.
 22308 | Orc:2    | Reached ****** piety under Dithmenos
 22525 | Orc:2    | Reached skill level 10 in Conjurations
 22536 | Orc:2    | Found a roughly hewn altar of Beogh.
 22549 | Orc:2    | Paralysed by an orc sorcerer for 4 turns
 22612 | Orc:2    | Found Luah's Weapon Shoppe.
 22654 | Orc:2    | Found Mequlusm's Antique Weapon Emporium.
 22930 | Orc:2    | Found Kodahur's Antique Weapon Shoppe.
 22949 | Orc:2    | Reached skill level 10 in Short Blades
 22949 | Orc:2    | Reached skill level 10 in Long Blades
 22949 | Orc:2    | Reached skill level 10 in Maces & Flails
 22949 | Orc:2    | Reached skill level 10 in Polearms
 22949 | Orc:2    | Reached skill level 10 in Staves
 22949 | Orc:2    | Reached skill level 10 in Ranged Weapons
 22949 | Orc:2    | Reached skill level 10 in Throwing
 22949 | Orc:2    | Reached skill level 10 in Armour
 22949 | Orc:2    | Reached skill level 10 in Stealth
 22949 | Orc:2    | Reached skill level 10 in Shields
 22949 | Orc:2    | Reached skill level 10 in Unarmed Combat
 22949 | Orc:2    | Reached skill level 10 in Evocations
 22970 | Orc:2    | Found Bussuscho's General Store.
 22999 | Orc:2    | Bought 2 potions of curing for 72 gold pieces
 23048 | Orc:2    | Learned a level 4 spell: Flame Wave
 23255 | D:11     | Reached XP level 15. HP: 103/118 MP: 30/30
 23357 | D:12     | Found the +5 Lochaber axe {reach-cleave, Poleaxe ^Drain}
 23461 | D:12     | Reached skill level 12 in Axes
 24417 | D:13     | HP: 5/118 [very large slime creature (23)]
 24418 | D:13     | Mangled by a very large slime creature

Illustrated notes

Levels and vault maps discovered:
D:1:      spicycebolla_arrival_clurvy, layout_loops_ring
D:2:      layout_basic, cheibrodos_gnoll_hut, uniq_natasha
D:3:      layout_basic, serial_shops, nicolae_shop_tiny_waterfront,
          hangedman_decor_clover_reticule
D:4:      layout_basic
D:5:      layout_loops_ring, chequers_mini_garden, uniq_blork_the_orc,
          uniq_sigmund
D:6:      layout_cave_pools, minmay_temple_entry_large_hall, enter_ossuary_1
D:7:      layout_gridville, uniq_pikel
D:8:      minmay_chambers_of_fours, layout_layer_cave, kennysheep_ying_yang
D:9:      layout_basic, fiery_altar_vehumet, minmay_orc_entry_guard_dogs,
          hangedman_decor_lopped, amcnicky_mini_rare_corridor_liquid,
          minmay_shop_mayhem, chequers_decorated_corner
D:10:     layout_loops_cross, david_lair_generic, hangedman_fish_farm,
          uniq_maurice
D:11:     layout_long_grid
D:12:     layout_loops_ring, minivault_15, kennysheep_minor_cross
D:13:     layout_roguey, ebering_ghost_gozag, minivault_24,
          roderic_roman_lattice
Temple:   nicolae_temple_bog_church
Lair:1:   layout_regular_city, basic_altar, nicolae_lair_grove_arrangements,
          columned_hall_lemuel, nicolae_quartered_pool_super,
          beast_lair_carwin_1, uniq_gastronok
Lair:2:   layout_hall_layers, nicolae_swamp_entry_splash_gauntlet,
          minmay_snake_entry_guardpost_small, uniq_sonja
Lair:3:   layout_loops_ring, uniq_amaemon
Lair:4:   nzn_winding_woodlands_cross [nzn_winding_woodlands_5x15_sawtooth,
          nzn_winding_woodlands_5x15_jagged, nzn_winding_woodlands_5x15_default,
          nzn_winding_woodlands_5x15_default,
          nzn_winding_woodlands_15x15_eel_pit], layout_cave_shapes,
          chequers_serial_rivers_small_a,
          hellmonk_guarded_unrand_seven_league_boots
Lair:5:   gammafunk_lair_ancient_temple, layout_regular_city,
          dpeg_slime_entry_enclosed
Orc:1:    layout_diamond_mine, serial_shops, nicolae_diamond_shop,
          einodemon_armed_red_devil_minivault
Orc:2:    st_orc_town, layout_diamond_mine

Skill      XL: |  1  2  3  4  5  6  7  8  9 10 11 12 13 14 15 |
---------------+----------------------------------------------+-----
Spellcasting   | 5 6 7 8 9 10 11 | 11.3
Invocations    | 1 2 3 4 5 6 7 8 10 11 | 11.1
Short Blades   | 1 2 3 5 6 7 8 9 10 | 10.2
Long Blades    | 1 2 3 5 6 7 8 9 10 | 10.2
Maces & Flails | 1 2 3 5 6 7 8 9 10 | 10.2
Polearms       | 1 2 3 5 6 7 8 9 10 | 10.2
Staves         | 1 2 3 5 6 7 8 9 10 | 10.2
Ranged Weapons | 1 2 3 5 6 7 8 9 10 | 10.2
Throwing       | 1 2 3 5 6 7 8 9 10 | 10.2
Armour         | 1 2 3 5 6 7 8 9 10 | 10.2
Stealth        | 1 2 3 5 6 7 8 9 10 | 10.2
Shields        | 1 2 3 5 6 7 8 9 10 | 10.2
Unarmed Combat | 1 2 3 5 6 7 8 9 10 | 10.2
Evocations     | 1 2 3 5 6 7 8 9 10 | 10.2
Shapeshifting  | 1 2 3 4 5 6 7 8 9 |  9.3
Hexes          | 1 2 3 4 5 6 7 8 |  8.5
Summonings     | 1 2 3 4 5 6 7 8 |  8.5
Necromancy     | 1 2 3 4 5 6 7 8 |  8.5
Translocations | 1 2 3 4 5 6 7 8 |  8.5
Fire Magic     | 1 2 3 4 5 6 7 8 |  8.5
Ice Magic      | 1 2 3 4 5 6 7 8 |  8.5
Air Magic      | 1 2 3 4 5 6 7 8 |  8.5
Earth Magic    | 1 2 3 4 5 6 7 8 |  8.5
Alchemy        | 1 2 3 4 5 6 7 8 |  8.5
Fighting       | 5 6 7 8 9 10 11 | 11.1
Dodging        | 5 6 7 8 9 10 11 | 11.1
Axes           | 7 8 9 10 11 12 | 12.0
Conjurations   | 6 7 8 9 10 | 10.2

Action                     |  1- 3 |  4- 6 |  7- 9 | 10-12 | 13-15 || total
---------------------------+-------+-------+-------+-------+-------++-------
  Melee: Hand axe          |   131 |   125 |   376 |   971 |  1446 ||  3049
         Bite              |    12 |     9 |    50 |   114 |   261 ||   446
         Flail             |       |       |       |       |    15 ||    15
         Trident           |       |       |       |       |    38 ||    38
  Throw: Dart              |       |       |     8 |     7 |     5 ||    20
         Javelin           |       |       |     4 |     8 |     7 ||    19
         Boomerang         |       |       |       |       |     1 ||     1
  Evoke: Wand              |       |       |       |    10 |     5 ||    15
    Use: Scroll            |     7 |     3 |     8 |    15 |     9 ||    42
         Potion            |       |       |     1 |     6 |       ||     7
   Stab: Distracted        |     1 |       |       |       |       ||     1
 Armour: Leather armour    |    33 |       |       |       |       ||    33
         Ring mail         |    51 |    44 |       |       |       ||    95
         Chain mail        |       |    26 |   224 |   491 |   815 ||  1556
         Skin              |       |       |       |    32 |       ||    32
  Dodge: Dodged            |    57 |    59 |   131 |   343 |   713 ||  1303
  Block: Other             |       |       |    37 |       |       ||    37
         Buckler           |       |       |    93 |   502 |   671 ||  1266
         Reflection        |       |       |       |    11 |       ||    11

Table legend: (Time is in decaauts)
 A = Elapsed time spent in this place.
 B = Non-inter-level travel time spent in this place.
 C = Inter-level travel time spent in this place.
 D = Time resting spent in this place.
 E = Time spent auto-exploring this place.
 F = Levels seen in this place.
 G = Mean time per level.
                   A        B        C        D        E       F      G
               +--------+--------+--------+--------+--------+-----+--------+
         Total |  24126 |  22254 |   1872 |   4171 |   8070 |  21 | 1148.9 |
       Dungeon |  14434 |  13335 |   1099 |   2316 |   6162 |  13 | 1110.3 |
        Temple |     16 |     16 |      0 |      0 |      0 |   1 |   16.0 |
          Lair |   7591 |   7080 |    511 |   1802 |   1695 |   5 | 1518.2 |
  Orcish Mines |   2084 |   1822 |    262 |     53 |    213 |   2 | 1042.0 |
               +--------+--------+--------+--------+--------+-----+--------+

Top non-repeatable levels by time:
  Lair:2: 2485 daAuts
     D:8: 1914 daAuts
  Lair:5: 1808 daAuts
  Lair:4: 1409 daAuts
     D:7: 1374 daAuts
   Orc:2: 1303 daAuts
    D:11: 1303 daAuts
     D:2: 1267 daAuts
    D:10: 1263 daAuts
     D:9: 1198 daAuts
    D:12: 1144 daAuts
     D:5: 1089 daAuts
  Lair:1: 1067 daAuts
     D:3: 996 daAuts
     D:4: 970 daAuts
